 Dungeon Crawl Stone Soup version 0.14-a0-2964-g8dc6adb (webtiles) character file.

105 4tharraofdagon the Shooter (level 4, -2/35 HPs)
             Began as a Centaur Hunter on Mar 5, 2014.
             Slain by an iguana (8 damage)
             ... on Level 5 of the Dungeon.
             The game lasted 00:02:46 (539 turns).

4tharraofdagon the Shooter (Centaur Hunter)          Turns: 539, Time: 00:02:46

HP  -2/35        AC  8     Str 15      XL: 4   Next: 21%
MP   3/3         EV  9     Int 10      God:
Gold 23          SH  0     Dex 10      Spells:  0 memorised,  3 levels left

rFire  . . .     SeeInvis .     b - +1 bow
rCold  . . .     Clarity  .     d - +0 leather armour
rNeg   . . .     Conserve .     (no shield)
rPois  .         rCorr    .     k - +0 helmet
rElec  .         rRot     .     (no cloak)
SustAb . .       Spirit   .     (no gloves)
rMut   .         Warding  .     (no barding)
Saprov . . .     Stasis   .     (no amulet)
MR     .....                    (no ring)
                                e - +3 ring of protection

@: very quick, not resistant to hostile enchantments, extremely unstealthy
A: hooves 3, deformed body, herbivore 1, speed 2, fast metabolism 1, tough skin
3
a: no special abilities


You were on level 5 of the Dungeon.
You were not hungry.

You visited 1 branch of the dungeon, and saw 5 of its levels.

You collected 23 gold pieces.

Inventory:

Hand weapons
 a - a +0,+0 short sword
 b - a +1,+1 bow (weapon)
Missiles
 c - 9 arrows (quivered)
Armour
 d - a +0 leather armour (worn)
 k - a +0 helmet (worn)
Magical devices
 q - a wand of digging (17)
Comestibles
 f - 2 bread rations
 g - 2 meat rations
 p - a choko
Scrolls
 h - a scroll of magic mapping {unknown}
 i - 2 scrolls of teleportation {unknown}
 j - a scroll of amnesia {unknown}
 l - a scroll of recharging {unknown}
 m - a scroll of enchant weapon II {unknown}
 r - a scroll of enchant armour {unknown}
Jewellery
 e - a +3 ring of protection (left hand)
Potions
 n - a potion of speed {unknown}
 o - a potion of curing {unknown}


   Skills:
 - Level 1.0 Fighting
 * Level 7.6 Bows
 - Level 1.3 Dodging
 - Level 0.5 Stealth


You had 3 spell levels left.
You didn't know any spells.

Dungeon Overview and Level Annotations

Branches:
Dungeon (5/16)
 Temple: D:4-7

Altars:

Annotations:
D:4 Dowan, Duvessa


Innate Abilities, Weirdness & Mutations

You have hooves in place of feet.
Armour fits poorly on your strangely shaped body.
You digest meat inefficiently.
You cover ground very quickly.
You have a fast metabolism.
You have extremely tough skin (AC +3).


Message History

You shoot an arrow. The arrow misses the iguana.
The arrow hits the ogre skeleton.
Firing (i - inventory):
c - 11 arrows (quivered)
Press: ? - help, Shift-Dir - straight line, f/p - iguana
Aim: an iguana You shoot an arrow.
The arrow hits the iguana.
The iguana is severely wounded.
The iguana bites you!
* * * LOW HITPOINT WARNING * * *
You are too injured to fight recklessly!
You are too injured to fight recklessly!
You are too injured to fight recklessly!
You are too injured to fight recklessly!
Firing (i - inventory):
c - 10 arrows (quivered)
Press: ? - help, Shift-Dir - straight line, f/p - iguana
Aim: an iguana (severely wounded)
You shoot an arrow. The arrow hits the iguana.
The iguana is severely wounded.
The iguana bites you!
You die...

#. #(# #.
#.# #.###.#
#....Z#
##.<...#
#......#
#.?..#.#
#..?.#l#
#.....@#
#..###....#
#.. #..>.#
#.. #....#
#.. #...##
#...# #.###
#.# #.#


You could see an iguana and an ogre skeleton.

Vanquished Creatures
  A goliath beetle (D:3)
  A hound (D:4)
  2 giant cockroaches (D:1)
  A goblin (D:2)
  A hobgoblin (D:4)
  2 bats
  3 giant newts
  4 kobolds
  2 rats (D:2)
17 creatures vanquished.

Notes
Turn   | Place    | Note
--------------------------------------------------------------
     0 | D:1      | 4tharraofdagon, the Centaur Hunter, began the quest for the Orb.
     0 | D:1      | Reached XP level 1. HP: 16/16 MP: 1/1
   246 | D:2      | Reached XP level 2. HP: 21/23 MP: 2/2
   282 | D:2      | Reached skill level 6 in Bows
   409 | D:3      | Reached skill level 7 in Bows
   409 | D:3      | Reached XP level 3. HP: 28/28 MP: 3/3
   445 | D:4      | Reached XP level 4. HP: 32/35 MP: 3/3
   475 | D:4      | Noticed Dowan
   477 | D:4      | Noticed Duvessa
   531 | D:5      | Entered Level 5 of the Dungeon
   539 | D:5      | Slain by an iguana

Action                   |  1- 3 |  4- 6 || total
-------------------------+-------+-------++-------
Melee: Unarmed           |       |     3 ||     3
 Fire: Bow               |    49 |     4 ||    53
Evoke: Wand              |       |     1 ||     1
